 Dungeon Crawl Stone Soup version 0.24.0-13-gcf9b319 (webtiles) character file.

Game seed: 15368650984462684674, levelgen mode: deterministic

479488 Warden6 the Executioner (level 23, -6/208 HPs)
             Began as a Minotaur Monk on Jan 19, 2020.
             Was the Champion of Okawaru.
             Shot with a bolt by a yaktaur captain (25 damage)
             ... on level 5 of the Vaults on Jan 22, 2020.
             The game lasted 03:35:36 (81743 turns).

Warden6 the Executioner (Minotaur Monk)            Turns: 81743, Time: 03:35:37

Health: -6/208     AC: 26    Str: 29    XL:     23   Next: 68%
Magic:  32/32      EV: 23    Int:  4    God:    Okawaru [******]
Gold:   2448       SH:  3    Dex: 14    Spells: 22/22 levels left

rFire    + . .     SeeInvis +   J - +9 executioner's axe (elec)
rCold    + + +     Gourm    .   (shield currently unavailable)
rNeg     + + +     Faith    .   M - +1 shadow dragon scales of Hide-and-Seek {rPois rC+ rCorr Int-4 Stlth++++}
rPois    +         Spirit   .   e - +0 hat {MR+}
rElec    +         Reflect  +   C - scarf {rC+ rF+}
rCorr    +         Harm     .   S - +0 pair of gloves of Dice, Bag, and Bottle {rPois rF- rN+ Regen+}
MR       ++...                  u - +0 pair of boots of the Hidden Vale {+Fly rF+}
Stlth    ++++++++..             Q - amulet of Wari {Reflect rElec rPois rN++ MR- SH+3}
HPRegen  0.84/turn              v - ring of Oroor {MR+ SInv}
MPRegen  0.23/turn              D - ring of Shadows {Umbra +Inv Stlth+}

@: mighty, about to teleport, heroism, finesse, wreathed by umbra
A: retaliatory headbutt, horns 2, cold resistance 1, frail 1, poison resistance,
screaming 1
}: 2/15 runes: barnacled, gossamer
a: Heroism, Finesse, Renounce Religion, Evoke Invisibility, Evoke Flight


You were on level 5 of the Vaults.
You worshipped Okawaru.
Okawaru was exalted by your worship.
You were not hungry.

You visited 9 branches of the dungeon, and saw 43 of its levels.
You also visited: Gauntlet and Ice Cave.

You collected 6463 gold pieces.
You spent 4015 gold pieces at shops.

Inventory:

Hand Weapons
 a - the +1 executioner's axe of Qareef {elec, rElec rC+ Int+3}
   (Okawaru gifted it to you on level 3 of the Vaults)

   Occasionally, upon striking a foe, it will discharge some electrical energy
   and cause terrible harm.
   It affects your intelligence (+3).
   It protects you from cold.
   It insulates you from electricity.
 b - the +8 executioner's axe "Amafeapt" {chop, +Fly rF- Int+2 Stlth+}
   (Okawaru gifted it to you on level 4 of the Vaults)

   It inflicts extra damage upon your enemies.
   It affects your intelligence (+2).
   It makes you vulnerable to fire.
   It lets you fly.
   It makes you more stealthy.
 J - a +9 executioner's axe of electrocution (weapon)
Missiles
 y - 28 silver javelins (quivered)
Armour
 e - a +0 hat of magic resistance (worn)
 s - a +2 cloak of poison resistance
 u - the +0 pair of boots of the Hidden Vale (worn) {+Fly rF+}
   (You bought it in a shop on level 9 of the Dungeon)

   It protects you from fire.
   It lets you fly.
 C - a scarf of resistance (worn)
 H - the +0 pair of gloves "Jualua" {rF+}
   (You found it on level 3 of the Crypt)

   It protects you from fire.
 M - the +1 shadow dragon scales of Hide-and-Seek (worn) {rPois rC+ rCorr Int-4 Stlth++++}
   (You bought it in a shop on level 2 of the Orcish Mines)

   It affects your intelligence (-4).
   It protects you from cold.
   It protects you from poison.
   It provides partial protection from all sources of acid and corrosion.
   It makes you much more stealthy.
 S - the +0 pair of gloves of Dice, Bag, and Bottle (worn) {rPois rF- rN+ Regen+}
   (You found it on level 2 of the Orcish Mines)

   It makes you vulnerable to fire.
   It protects you from poison.
   It protects you from negative energy.
   It increases your rate of regeneration.
 V - the +2 chain mail "Qegous" {rC+ MR+ Int-3}
   (You bought it in a shop on level 2 of the Elven Halls)

   It affects your intelligence (-3).
   It protects you from cold.
   It affects your resistance to hostile enchantments.
Jewellery
 v - the ring of Oroor (left hand) {MR+ SInv}
   (You took it off a wight on level 10 of the Dungeon)

   [ring of see invisible]

   It affects your resistance to hostile enchantments.
   It lets you see invisible.
 x - the ring of Dymig {rElec AC+1}
   (You found it on level 2 of the Lair of Beasts)

   [ring of protection]

   It affects your AC (+1).
   It insulates you from electricity.
 D - the ring of Shadows (right hand) {Umbra +Inv Stlth+}
   (You acquired it on level 1 of the Spider Nest)

   [ring of stealth]

   It lets you turn invisible.
   It makes you more stealthy.
 Q - the amulet of Wari (around neck) {Reflect rElec rPois rN++ MR- SH+3}
   (You acquired it on level 3 of the Elven Halls)

   [amulet of reflection]

   It shields you and reflects attacks.
   It insulates you from electricity.
   It protects you from poison.
   It greatly protects you from negative energy.
   It affects your resistance to hostile enchantments.
   It affects your SH (+3).
 T - the amulet of Vitality {Regen+ HP+15}
   (You took it off a deep elf death mage on level 3 of the Elven Halls)

   [amulet of regeneration]

   It affects your health (+15).
   It increases your rate of regeneration.
 Z - the ring of Plog {Ice Str+3 Dex-3 SInv Stlth+}
   (You found it on level 4 of the Shoals)

   [ring of ice]

   It enhances your ice magic.
   It affects your strength (+3).
   It affects your dexterity (-3).
   It makes you vulnerable to fire.
   It protects you from cold.
   It lets you see invisible.
   It makes you more stealthy.
Wands
 j - a wand of acid (28)
 o - a wand of digging (7)
 t - a wand of iceblast (20)
 I - a wand of flame (150)
 W - a wand of clouds (5)
Scrolls
 f - 12 scrolls of amnesia
 i - 11 scrolls of enchant armour
 k - 21 scrolls of remove curse
 p - 5 scrolls of identify
 q - 3 scrolls of teleportation
 w - 5 scrolls of magic mapping
 P - 6 scrolls of fear
 R - 2 scrolls of enchant weapon
 X - 2 scrolls of blinking
Potions
 d - 5 potions of might
 g - 3 potions of magic
 h - 5 potions of lignification
 l - 4 potions of curing
 m - 3 potions of resistance
 n - 2 potions of flight
 A - 10 potions of brilliance
 B - 3 potions of mutation
 E - 3 potions of cancellation
 F - 4 potions of haste
 L - 7 potions of ambrosia
 U - 8 potions of agility
Miscellaneous
 z - 3 phantom mirrors
 G - a fan of gales
Comestibles
 c - 54 rations


   Skills:
 * Level 24.8(27) Fighting
 - Level 26.0(27) Axes
 + Level 20.5(25.5) Armour
 + Level 18.2(23.2) Dodging
 - Level 1.5(6.5) Stealth
 - Level 13.9 Invocations


You had 22 spell levels left.
You didn't know any spells.
Your spell library contained the following spells:

 Spells                   Type           Power        Failure   Level  Hunger
 Animate Skeleton         Necr           N/A          77%         1    ##.....
 Confusing Touch          Hex            #.....       77%         1    ##.....
 Corona                   Hex            #......      77%         1    ##.....
 Magic Dart               Conj           #...         77%         1    ##.....
 Pain                     Necr           #...         77%         1    ##.....
 Sandblast                Erth           #.....       77%         1    ##.....
 Shock                    Conj/Air       #...         77%         1    ##.....
 Summon Small Mammal      Summ           #...         77%         1    ##.....
 Call Imp                 Summ           #.......     88%         2    ###....
 Ensorcelled Hibernation  Hex/Ice        #.....       88%         2    ###....
 Passwall                 Tmut/Erth      #.......     88%         2    ###....
 Searing Ray              Conj           #.....       88%         2    ###....
 Slow                     Hex            #.......     88%         2    ###....
 Sticks to Snakes         Tmut           #.......     88%         2    ###....
 Swiftness                Chrm/Air       #.......     88%         2    ###....
 Call Canine Familiar     Summ           #.......     98%         3    ####...
 Confuse                  Hex            #.......     98%         3    ####...
 Dazzling Spray           Conj/Hex       #.....       98%         3    ####...
 Gell's Gravitas          Tloc           #.........   98%         3    ####...
 Ignite Poison            Fire/Tmut/Pois #.......     98%         3    ####...
 Inner Flame              Hex/Fire       #.......     98%         3    ####...
 Portal Projectile        Hex/Tloc       #.....       98%         3    ####...
 Recall                   Summ/Tloc      N/A          98%         3    ####...
 Regeneration             Chrm/Necr      #.........   98%         3    ####...
 Spider Form              Tmut/Pois      #.........   98%         3    ####...
 Static Discharge         Conj/Air       #.......     98%         3    ####...
 Stone Arrow              Conj/Erth      #.....       98%         3    ####...
 Summon Guardian Golem    Hex/Summ       #.......     98%         3    ####...
 Tukima's Dance           Hex            #.......     98%         3    ####...
 Vampiric Draining        Necr           #.........   98%         3    ####...
 Airstrike                Air            #.........   100%        4    #####..
 Animate Dead             Necr           N/A          100%        4    #####..
 Cause Fear               Hex            #.........   100%        4    #####..
 Force Lance              Conj/Tloc      #.......     100%        4    #####..
 Fulminant Prism          Conj/Hex       #.........   100%        4    #####..
 Ice Form                 Ice/Tmut       #.......     100%        4    #####..
 Iskenderun's Mystic Bla  Conj           #.......     100%        4    #####..
 Leda's Liquefaction      Hex/Erth       #.........   100%        4    #####..
 Olgreb's Toxic Radiance  Pois           #.......     100%        4    #####..
 Petrify                  Tmut/Erth      #.......     100%        4    #####..
 Summon Ice Beast         Ice/Summ       #.......     100%        4    #####..
 Summon Lightning Spire   Summ/Air       #.......     100%        4    #####..
 Bolt of Magma            Conj/Fire/Erth #.........   100%        5    ######.
 Borgnjor's Vile Clutch   Necr/Erth      #.........   100%        5    ######.
 Fireball                 Conj/Fire      #.........   100%        5    ######.
 Iskenderun's Battlesphe  Conj/Chrm      #.......     100%        5    ######.
 Lee's Rapid Deconstruct  Erth           #.........   100%        5    ######.
 Lightning Bolt           Conj/Air       #.........   100%        5    ######.
 Metabolic Englaciation   Hex/Ice        #.........   100%        5    ######.
 Silence                  Hex/Air        #.........   100%        5    ######.
 Venom Bolt               Conj/Pois      #.........   100%        5    ######.
 Yara's Violent Unravell  Hex/Tmut       #.........   100%        5    ######.
 Bolt of Cold             Conj/Ice       #.........   100%        6    #######
 Bolt of Fire             Conj/Fire      #.........   100%        6    #######
 Death Channel            Necr           #.........   100%        6    #######
 Deflect Missiles         Chrm/Air       #.........   100%        6    #######
 Freezing Cloud           Conj/Ice/Air   #.........   100%        6    #######
 Hydra Form               Tmut           #.........   100%        6    #######
 Iron Shot                Conj/Erth      #.........   100%        6    #######
 Ozocubu's Refrigeration  Ice            #.........   100%        6    #######
 Shadow Creatures         Summ           N/A          100%        6    #######
 Simulacrum               Ice/Necr       #.........   100%        6    #######
 Haunt                    Necr/Summ      #.........   100%        7    #######
 Orb of Destruction       Conj           #.........   100%        7    #######
 Ring of Flames           Chrm/Fire      #.........   100%        7    #######
 Spellforged Servitor     Conj/Summ      #.........   100%        7    #######
 Summon Hydra             Summ           #.........   100%        7    #######
 Borgnjor's Revivificati  Necr           #.........   100%        8    #######
 Death's Door             Chrm/Necr      #.........   100%        8    #######
 Ignition                 Fire           #.........   100%        8    #######
 Infestation              Necr           #.........   100%        8    #######
 Necromutation            Tmut/Necr      #.........   100%        8    #######
 Dragon's Call            Summ           #.........   100%        9    #######


Dungeon Overview and Level Annotations

Branches:
Dungeon (15/15)            Temple (1/1) D:4            Lair (6/6) D:8
 Shoals (4/4) Lair:3       Spider (4/4) Lair:3        Slime (0/5) Lair:6
    Orc (2/2) D:9             Elf (3/3) Orc:2        Vaults (5/5) D:14
  Crypt (3/3) Vaults:2       Tomb (0/3) Crypt:3      Depths (0/5) D:15
  IceCv (visited)         Gauntlet (visited)

Altars:
Ashenzari
Cheibriados
Dithmenos
Elyvilon
Fedhas
Gozag
Hepliaklqana
Kikubaaqudgha
Makhleb
Nemelex Xobeh
Okawaru
Qazlal
Ru
Sif Muna
Trog
Uskayaw
Vehumet
Wu Jian
Xom
Yredelemnul
Zin
The Shining One
Beogh
Jiyva

Shops:
D:4 (   D:9 [((   D:14 (   Orc:2 :=:[   Elf:2 [   Elf:3 ?   Shoals:3 %
Shoals:4 *   Vaults:3 (

Portals:
Trove: D:11 (give 5 scrolls of blinking)

Annotations:
Lair:4 exclusion: 2 oklob plants
Vaults:5 Mara


Innate Abilities, Weirdness & Mutations

You reflexively headbutt those who attack you in melee.
You have a pair of horns on your head.
Your flesh is cold resistant. (rC+)
You are frail. (-10% HP)
Your system is resistant to poisons. (rPois)
You occasionally shout uncontrollably at your foes.


Message History

You kill the vault warden!
Okawaru accepts your kill.
The yaktaur captain shoots a bolt.
The bolt hits you.
* * * LOW HITPOINT WARNING * * *
You hear a shout!
You feel better.
All of the chunks of flesh in your inventory have rotted away.
The yaktaur captain shoots a bolt.
The bolt hits you!!
* * * LOW HITPOINT WARNING * * *
The bolt freezes you.
* * * LOW HITPOINT WARNING * * *
You hear a shout!
Things that are here:
a bolt; a glowing war axe
As you read the scroll of teleportation, it crumbles to dust.
You feel strangely unstable.
You feel better.
Your resistance to elements expires.
The yaktaur captain shoots a bolt.
The bolt hits you!!
You die...

##########
#.........
#.......
#..oC#############
#.OXpoc)..........
#()#p##(...##..
#.o# ###@.## #..#
#### #))# #(.#
#Cp# ### #..# ##(?
#c.# ##... #..#
..... #..# .....


You could see a frost giant, a yaktaur captain, an orc priest and an orc.

Vanquished Creatures
  An ancient lich (Crypt:3)
  Mennas (Vaults:3)
  Boris (Crypt:2)
  Bai Suzhen (Spider:4)
  Saint Roka (D:14)
  2 golden dragons (Vaults:4)
  Nikola (Vaults:1)
  A bone dragon (Crypt:3)
  3 liches
  Jorgrun (Shoals:2)
  2 tentacled monstrosities
  Asterion (Spider:1)
  3 deep elf blademasters
  3 titans (Vaults:4)
  2 deep elf master archers (Elf:3)
  A kraken (Shoals:4)
  A sphinx (D:13)
  Donald (Spider:4)
  The ghost of unrecovered the Tortoise, an adept BaFi of Gozag (Shoals:4)
  A storm dragon (Vaults:4)
  Kirke (D:14)
  4 ancient champions
  A shadow dragon (Vaults:4)
  The ghost of unrecovered the Bludgeoner, a journeyman TrMo of Ashenzari (Orc:2)
  3 revenants
  5 deep elf sorcerers
  7 frost giants
  5 ghost moths
  An orc warlord (Orc:2)
  2 fire giants
  A balrug (Gauntlet)
  7 vault wardens
  Aizul (Spider:4)
  6 emperor scorpions
  4 deep elf elementalists
  4 ghouls
  The ghost of Ciseq the Severer, a journeyman BaBe of Trog (Elf:1)
  5 war gargoyles
  16 ironheart preservers
  7 stone giants
  4 vampire knights
  6 deep elf demonologists
  4 very ugly things
  A dire elephant (D:15)
  5 entropy weavers
  2 minotaurs
  7 deep elf annihilators
  A spark wasp (Spider:4)
  9 eidola
  3 crystal guardians (Crypt:3)
  6 deep elf death magi
  11 jiangshi
  8 merfolk impalers
  3 great orbs of eyes
  5 merfolk javelineers
  5 ettins
  10 yaktaur captains
  3 deep elf high priests
  4 fire dragons
  Fannar (Lair:3)
  2 ice dragons
  A rakshasa (Vaults:3)
  23 vault guards
  5 hydras
  8 merfolk avatars
  5 merfolk aquamancers
  7 centaur warriors
  5 deep troll shamans
  2 satyrs
  27 dancing weapons
  7 death knights
  5 vampire magi
  9 ogre magi
  30 two-headed ogres
  2 tengu warriors
  A titan zombie (Crypt:1)
  6 orc high priests (Orc:2)
  2 death yaks (IceCv)
  5 deep troll earth magi
  Urug (Lair:3)
  A queen ant (D:8)
  26 deep elf knights
  2 soul eaters (Crypt:1)
  2 shadow wraiths
  35 skeletal warriors
  6 hell knights (Crypt:3)
  8 unseen horrors
  2 ghost moth zombies
  An entropy weaver zombie (Crypt:1)
  17 deep trolls
  2 flayed ghosts
  3 wizards
  8 sea snakes
  13 deep elf archers
  An obsidian statue (Shoals:4)
  22 harpies
  5 phantasmal warriors
  12 necromancers
  A shadow dragon zombie (Crypt:3)
  12 ironbrand convokers
  A kraken simulacrum (Shoals:4)
  20 orb spiders
  An anaconda skeleton (Crypt:1)
  A golden dragon skeleton (Crypt:1)
  A mana viper (shapeshifter) (Elf:3)
  5 lindwurms
  63 deep elf magi
  9 orc knights
  An oklob plant (Lair:5)
  3 orc sorcerers
  2 fire giant zombies
  2 shining eyes (shapeshifter) (Vaults:4)
  29 wolf spiders
  32 ugly things
  6 cyclopes
  2 stone giant zombies
  7 manticores
  8 fauns
  A shock serpent zombie (Crypt:3)
  3 moths of wrath
  A fire giant skeleton (Crypt:3)
  4 water nymphs
  8 elephants
  An ice statue (IceCv)
  A guardian serpent (Lair:6)
  7 black mambas
  A guardian serpent (shapeshifter) (Vaults:3)
  9 merfolk sirens
  2 gargoyles
  13 vault sentinels
  2 dire elephant skeletons
  7 spiny frogs
  3 komodo dragons
  A komodo dragon (shapeshifter) (Vaults:4)
  2 kobold demonologists (D:15)
  A rime drake (shapeshifter) (Vaults:4)
  10 demonic crawlers
  12 freezing wraiths
  42 yaktaurs
  A tengu conjurer (Shoals:4)
  A queen bee (D:7)
  12 rime drakes
  A minotaur skeleton (Crypt:1)
  3 meliai (Shoals:1)
  A jumping spider (shapeshifter) (Vaults:3)
  21 merfolk
  A polar bear (shapeshifter) (Vaults:4)
  15 polar bears (IceCv)
  6 trolls
  18 blink frogs
  36 jumping spiders
  A tyrant leech (shapeshifter) (Vaults:5)
  A blink frog (shapeshifter) (Vaults:4)
  12 dream sheep
  13 hornets
  A hydra skeleton (Crypt:1)
  8 slime creatures
  A shadow dragon simulacrum (Crypt:1)
  3 wind drakes (Shoals:4)
  A frost giant simulacrum (Crypt:1)
  11 hippogriffs
  16 snapping turtles
  2 fire dragon skeletons
  3 fire dragon zombies
  5 air elementals
  86 redbacks
  A meliai zombie (Crypt:2)
  A guardian serpent skeleton (Crypt:2)
  30 flying skulls
  2 shadows
  A black mamba zombie (Crypt:1)
  An ice dragon skeleton (Crypt:3)
  5 small abominations (Gauntlet)
  27 tarantellas
  3 vampires
  14 wyverns
  A fire elemental (Elf:1)
  6 wraiths
  53 yaks
  A tarantella (shapeshifter) (Vaults:4)
  A ynoxinul (Gauntlet)
  9 water elementals
  Grum (D:9)
  3 hogs (D:14)
  4 hungry ghosts
  8 steam dragons
  A large abomination (Gauntlet)
  A deep troll zombie (Vaults:2)
  An infernal demonspawn zombie (Crypt:2)
  18 soldier ants
  18 wargs
  An acid dragon (shapeshifter) (Vaults:3)
  19 water moccasins
  A floating eye (shapeshifter) (Vaults:5)
  4 ice beasts
  2 hell hounds (Gauntlet)
  13 porcupines
  A gelid demonspawn skeleton (Crypt:1)
  3 phantoms
  5 sky beasts
  2 black bears (D:11)
  An ettin simulacrum (Vaults:1)
  A swamp dragon zombie (Crypt:3)
  2 eyes of draining
  A human zombie (Vaults:2)
  40 orc warriors
  A snapping turtle zombie (Crypt:1)
  12 boggarts
  6 necrophages
  33 wolves
  28 ogres
  A snapping turtle skeleton (Crypt:1)
  19 centaurs
  10 crocodiles
  5 big kobolds
  26 bullfrogs
  3 earth elementals
  2 gnoll sergeants
  A wyvern skeleton (D:14)
  3 human skeletons
  5 scorpions
  24 killer bees
  A yak skeleton (Crypt:2)
  19 wights
  A howler monkey (D:5)
  10 electric eels
  8 crimson imps
  6 hounds
  2 bullfrog zombies
  A demonspawn zombie (Crypt:2)
  3 centaur zombies
  3 jellies
  4 bullfrog skeletons
  8 centaur skeletons
  40 orc priests
  27 orc wizards
  4 iron imps (Gauntlet)
  2 iguanas
  Natasha (thrice) (D:4)
  9 hell rats (Lair:2)
  32 worker ants
  A centaur simulacrum (D:11)
  3 human simulacra
  A hound skeleton (D:6)
  A howler monkey skeleton (D:5)
  A worker ant zombie (D:6)
  A howler monkey zombie (D:10)
  11 gnolls
  15 river rats (Lair:2)
  20 adders
  A scorpion zombie (Crypt:1)
  3 shadow imps
  13 white imps
  2 oozes
  3 adder skeletons
  An adder zombie (D:5)
  4 worms
  4 dart slugs
  4 leopard geckos
  122 orcs
  12 bats
  9 giant cockroaches
  5 goblins
  12 hobgoblins
  7 jackals
  24 kobolds
  12 quokkas
  A river rat zombie (Crypt:1)
  4 ball pythons
  A ball python zombie (D:6)
  8 frilled lizards
  A frilled lizard skeleton (Crypt:1)
  A leopard gecko zombie (Crypt:1)
  3 quokka skeletons
  A quokka zombie (D:5)
  23 rats
  A bush (Lair:5)
  2 crawling corpses (Vaults:4)
  9 fungi
  17 plants
  3 tentacles (Shoals:4)
2181 creatures vanquished.

Vanquished Creatures (collateral kills)
  A fire giant (Vaults:5)
  A great orb of eyes (Vaults:5)
  An orc knight (Vaults:5)
3 creatures vanquished.

Vanquished Creatures (others)
  An ogre mage (Vaults:2)
  A yaktaur (Vaults:5)
  A tarantella (Spider:4)
  4 humans (D:14)
  An ogre (Vaults:5)
  A boggart (D:15)
  An orc (D:14)
  4 fungi
  9 plants
  8 tentacles (Shoals:4)
31 creatures vanquished.

Grand Total: 2215 creatures vanquished

Notes
Turn   | Place    | Note
-------+----------+-------------------------------------------
     0 | D:1      | Warden6 the Minotaur Monk began the quest for the Orb.
     0 | D:1      | Reached XP level 1. HP: 19/19 MP: 0/0
    51 | D:1      | Reached skill level 4 in Axes
    86 | D:1      | Reached XP level 2. HP: 23/27 MP: 1/1
   713 | D:1      | Reached XP level 3. HP: 33/33 MP: 2/2
  1185 | D:2      | Reached skill level 5 in Axes
  1193 | D:1      | Reached XP level 4. HP: 14/41 MP: 3/3
  2826 | D:2      | Reached skill level 6 in Axes
  3017 | D:2      | Reached XP level 5. HP: 47/47 MP: 4/4
  3159 | D:2      | Reached skill level 5 in Fighting
  4245 | D:3      | Found an opulent altar of Gozag.
  4249 | D:3      | Found a shattered altar of Ashenzari.
  4252 | D:3      | Found a glowing golden altar of the Shining One.
  4611 | D:4      | Noticed Natasha
  4622 | D:4      | Killed Natasha
  4622 | D:4      | Reached skill level 7 in Axes
  4640 | D:4      | Reached XP level 6. HP: 47/56 MP: 5/5
  4878 | D:4      | Found a staircase to the Ecumenical Temple.
  4930 | Temple   | Entered the Ecumenical Temple
  5269 | D:4      | Noticed Natasha
  5275 | D:4      | Killed Natasha
  5557 | D:4      | Noticed Natasha
  5568 | D:4      | Killed Natasha
  5846 | D:4      | Found a shimmering blue altar of Sif Muna.
  5889 | D:4      | Found Osehoxus's Weapon Emporium.
  5961 | D:5      | Entered Level 5 of the Dungeon
  5974 | D:5      | Noticed an ice beast
  6009 | D:5      | Noticed a sky beast
  6124 | D:5      | Killed a sky beast
  6124 | D:5      | Reached skill level 8 in Axes
  6124 | D:5      | Reached XP level 7. HP: 61/63 MP: 6/6
  6504 | D:5      | Gained mutation: Armour fits poorly on your strangely
                  | shaped body. [potion of mutation]
  6504 | D:5      | Gained mutation: Your system is resistant to poisons.
                  | (rPois) [potion of mutation]
  6528 | D:5      | Reached skill level 9 in Axes
  6770 | D:5      | HP: 2/64 [ice beast (14)]
  7447 | D:6      | Reached XP level 8. HP: 43/73 MP: 7/7
  7461 | D:6      | Reached skill level 10 in Axes
  8443 | D:5      | Reached skill level 1 in Armour
 10301 | D:7      | Reached skill level 11 in Axes
 10301 | D:7      | Reached XP level 9. HP: 65/82 MP: 8/8
 10643 | D:7      | Found a glowing silver altar of Zin.
 11091 | D:8      | Reached skill level 5 in Dodging
 11511 | D:8      | Found a staircase to the Lair.
 11581 | D:8      | Reached skill level 10 in Fighting
 11907 | D:8      | Reached skill level 12 in Axes
 11908 | D:8      | Noticed a queen bee
 11988 | D:7      | Killed a queen bee
 12293 | D:8      | Reached skill level 5 in Armour
 12326 | D:8      | Reached XP level 10. HP: 77/94 MP: 9/9
 12527 | D:8      | Found a hazy altar of Hepliaklqana.
 12530 | D:8      | Found the +7 great mace "Undeadhunter" {disrupt, rN+}
 13144 | D:8      | Noticed a queen ant
 14228 | D:8      | Killed a queen ant
 14228 | D:8      | Reached skill level 13 in Axes
 14778 | D:9      | Noticed Grum
 14844 | D:9      | Killed Grum
 15023 | D:9      | Found Plog's Armour Boutique.
 15023 | D:9      | Found a staircase to the Orcish Mines.
 15024 | D:9      | Found Weid's Weapon Boutique.
 15280 | D:9      | Reached XP level 11. HP: 104/104 MP: 10/10
 15313 | D:9      | Bought the +0 pair of boots of the Hidden Vale {+Fly rF+}
                  | for 226 gold pieces
 15817 | D:9      | Found an iron altar of Okawaru.
 15825 | D:9      | Became a worshipper of Warmaster Okawaru
 15825 | D:9      | Reached * piety under Okawaru
 15825 | D:9      | Reached ** piety under Okawaru
 16633 | D:9      | Found Naabri's Antique Weapon Boutique.
 16810 | D:10     | Entered Level 10 of the Dungeon
 16988 | D:10     | Reached skill level 14 in Axes
 17330 | D:10     | Noticed a two-headed ogre
 17337 | D:10     | Killed a two-headed ogre
 17337 | D:10     | Reached *** piety under Okawaru
 17357 | D:10     | Identified the ring of Oroor {MR+ SInv}
 17934 | D:11     | Received a gift from Okawaru
 17952 | D:11     | Found a gate leading to a gauntlet.
 17971 | Gauntlet | Entered a Gauntlet
 17971 | Gauntlet | Found a transporter.
 17979 | Gauntlet | Found a transporter.
 17981 | Gauntlet | Found a transporter.
 17989 | Gauntlet | Found a transporter.
 17991 | Gauntlet | Found a transporter.
 18001 | Gauntlet | Found a transporter.
 18017 | Gauntlet | Found a transporter.
 18024 | Gauntlet | Noticed a great orb of eyes
 18027 | Gauntlet | Found a transporter.
 18036 | Gauntlet | Noticed a red ugly thing
 18037 | Gauntlet | Found a transporter.
 18047 | Gauntlet | Noticed a balrug
 18051 | Gauntlet | Found a transporter.
 18065 | Gauntlet | Found a transporter.
 18086 | Gauntlet | Found a transporter.
 18086 | Gauntlet | Found a transporter.
 18124 | Gauntlet | Found a transporter.
 18379 | Gauntlet | Identified a scroll of acquirement
 18619 | Gauntlet | Killed a balrug
 18619 | Gauntlet | Reached **** piety under Okawaru
 18917 | Gauntlet | Identified the cursed +2 hunting sling of Defilement
                  | {speed, rElec rF++ rN+ Dex+3}
 18917 | Gauntlet | Noticed a minotaur
 18924 | Gauntlet | Killed a minotaur
 18924 | Gauntlet | Reached XP level 12. HP: 81/115 MP: 8/11
 19176 | D:11     | Reached ***** piety under Okawaru
 19715 | D:11     | Lost mutation: Armour fits poorly on your strangely shaped
                  | body. [potion of mutation]
 19715 | D:11     | Gained mutation: Your flesh is cold resistant. (rC+)
                  | [potion of mutation]
 20117 | D:11     | Found a portal to a secret trove of treasure.
 20399 | D:11     | Reached skill level 15 in Axes
 21713 | D:12     | Received a gift from Okawaru
 22365 | Lair:1   | Entered Level 1 of the Lair of Beasts
 22561 | Lair:1   | Reached skill level 1 in Invocations
 23266 | Lair:2   | Found a frozen archway.
 23286 | IceCv    | Entered an ice cave
 23421 | IceCv    | Reached skill level 16 in Axes
 23775 | IceCv    | Reached XP level 13. HP: 112/125 MP: 11/14
 23828 | IceCv    | Reached skill level 15 in Fighting
 24031 | IceCv    | Reached skill level 10 in Armour
 24164 | IceCv    | Received a gift from Okawaru
 24269 | IceCv    | Noticed a frost giant
 24282 | IceCv    | Killed a frost giant
 24442 | IceCv    | Got a slimy granite ring
 24905 | Lair:2   | Identified the ring of Yendor {Ice rElec rPois} (You found
                  | it in an ice cave)
 25981 | Lair:2   | Reached skill level 17 in Axes
 25982 | Lair:2   | Received a gift from Okawaru
 26024 | Lair:2   | Got a crude ivory ring
 26028 | Lair:2   | Identified the ring of Dymig {rElec AC+1} (You found it on
                  | level 2 of the Lair of Beasts)
 26310 | Lair:3   | Noticed Fannar
 26329 | Lair:3   | Killed Fannar
 26385 | Lair:3   | Found a staircase to the Shoals.
 26404 | Lair:3   | Reached skill level 5 in Invocations
 26860 | Lair:3   | Noticed Urug
 26878 | Lair:3   | Killed Urug
 27503 | Lair:3   | Got an encrusted scale mail
 27514 | Lair:3   | Identified the +6 scale mail "Huung" {rC++ rCorr} (You
                  | found it on level 3 of the Lair of Beasts)
 27566 | Lair:3   | Found a hole to the Spider Nest.
 28078 | Lair:4   | Reached XP level 14. HP: 136/136 MP: 17/17
 28227 | Lair:4   | You fall into a shaft and drop 1 floor!
 29345 | Lair:5   | Reached ****** piety under Okawaru
 29347 | Lair:5   | Received a gift from Okawaru
 29353 | Lair:5   | Reached skill level 18 in Axes
 30343 | Lair:6   | Entered Level 6 of the Lair of Beasts
 30351 | Lair:6   | Found a viscous altar of Jiyva.
 30351 | Lair:6   | Found a staircase to the Slime Pits.
 31087 | Lair:6   | Reached skill level 10 in Dodging
 32055 | Lair:6   | Received a gift from Okawaru
 32868 | Orc:1    | Entered Level 1 of the Orcish Mines
 33401 | Orc:2    | Entered Level 2 of the Orcish Mines
 33404 | Orc:2    | Found a staircase to the Elven Halls.
 33423 | Orc:2    | Noticed an orc warlord
 33442 | Orc:2    | Killed an orc warlord
 34143 | Orc:2    | Reached skill level 19 in Axes
 34594 | Orc:2    | Reached XP level 15. HP: 141/145 MP: 18/18
 34612 | Orc:2    | Found Tuilot's Book Shop.
 34675 | Orc:2    | Found Idelugi's Jewellery Shoppe.
 35020 | Orc:2    | Found a roughly hewn altar of Beogh.
 35241 | Orc:2    | Noticed unrecovered's ghost (journeyman TrMo)
 35242 | Orc:2    | Found a transporter.
 35301 | Orc:2    | Found Qiuh's Book Shop.
 35414 | Orc:2    | Found Ruarykoh's Antique Armour Shoppe.
 35620 | Orc:2    | Found a transporter.
 35876 | Orc:2    | Killed unrecovered's ghost
 35985 | Orc:2    | Got a pair of transparent gloves
 35996 | Orc:2    | Identified the cursed +0 pair of gloves of Dice, Bag, and
                  | Bottle {rPois rF- rN+ Regen+} (You found it on level 2 of
                  | the Orcish Mines)
 36504 | D:13     | Received a gift from Okawaru
 36717 | D:13     | Found a runed translucent door.
 36717 | D:13     | Noticed a frost giant
 36717 | D:13     | Noticed a sphinx
 36774 | D:13     | Killed a sphinx
 36780 | D:13     | Killed a frost giant
 36782 | D:13     | Identified the Volume of Clay and Ice
 36784 | D:13     | Identified the Grimoire of Shifting Poison
 37384 | D:14     | Noticed Kirke
 37393 | D:14     | Killed Kirke
 37884 | D:14     | Found Adeomuli's Weapon Shoppe.
 38015 | D:14     | Found a gate to the Vaults.
 38018 | D:14     | Reached skill level 20 in Axes
 38739 | D:15     | Entered Level 15 of the Dungeon
 38895 | D:15     | Received a gift from Okawaru
 38924 | D:15     | Reached XP level 16. HP: 139/155 MP: 20/20
 39413 | D:15     | Found a staircase to the Depths.
 40447 | Spider:1 | Entered Level 1 of the Spider Nest
 41091 | Spider:1 | Reached skill level 21 in Axes
 41329 | Spider:1 | Received a gift from Okawaru
 41583 | Spider:1 | Noticed Asterion
 41592 | Spider:1 | Killed Asterion
 42435 | Spider:1 | HP: 4/157 [emperor scorpion (6)]
 44136 | Spider:2 | Received a gift from Okawaru
 44498 | Spider:1 | Found the ring of Shadows {Umbra +Inv Stlth+}
 45484 | Spider:3 | Reached XP level 17. HP: 156/165 MP: 21/21
 45485 | Spider:3 | Reached skill level 22 in Axes
 45687 | Spider:4 | Entered Level 4 of the Spider Nest
 46782 | Spider:4 | Noticed Aizul
 46798 | Spider:4 | Killed Aizul
 46798 | Spider:4 | Received a gift from Okawaru
 46802 | Spider:4 | Noticed Bai Suzhen
 47422 | Spider:4 | Noticed Donald
 47441 | Spider:4 | Killed Donald
 48122 | Spider:4 | Killed Bai Suzhen
 48416 | Spider:4 | Received a gift from Okawaru
 48836 | Spider:4 | Got a gossamer rune of Zot
 49229 | Vaults:1 | Entered Level 1 of the Vaults
 50371 | Vaults:1 | Noticed Nikola
 50383 | Vaults:1 | Killed Nikola
 50383 | Vaults:1 | Reached XP level 18. HP: 59/176 MP: 19/22
 50656 | Vaults:1 | Noticed Saint Roka
 50738 | D:14     | Killed Saint Roka
 50797 | Vaults:1 | Reached skill level 23 in Axes
 50912 | Vaults:1 | Received a gift from Okawaru
 52005 | Vaults:2 | Noticed a tentacled monstrosity
 52012 | Vaults:2 | Killed a tentacled monstrosity
 52350 | Vaults:2 | Received a gift from Okawaru
 52353 | Vaults:2 | Got a brightly glowing battleaxe {god gift}
 52354 | Vaults:2 | Identified the +7 battleaxe "Concordance" {pain, rElec
                  | rPois rF++ Dex-5} (Okawaru gifted it to you on level 2 of
                  | the Vaults)
 53050 | Vaults:2 | Found a basalt altar of Yredelemnul.
 53054 | Vaults:2 | Found a staircase to the Crypt.
 53055 | Vaults:2 | Found an ancient bone altar of Kikubaaqudgha.
 54168 | Shoals:1 | Entered Level 1 of the Shoals
 54414 | Shoals:1 | Found a hide-covered altar of Uskayaw.
 54426 | Shoals:1 | Reached skill level 15 in Dodging
 54647 | Shoals:1 | Received a gift from Okawaru
 54648 | Shoals:1 | Got a brightly glowing broad axe {god gift}
 54703 | Shoals:1 | Identified the +6 broad axe "Wuurphipt" {freeze, Int+8}
                  | (Okawaru gifted it to you on level 1 of the Shoals)
 55589 | Shoals:2 | Noticed Jorgrun
 55601 | Shoals:2 | Killed Jorgrun
 55893 | Shoals:2 | Reached skill level 15 in Armour
 56189 | Shoals:3 | Found Pebiul's Food Shoppe.
 56294 | Shoals:3 | Reached XP level 19. HP: 100/185 MP: 22/25
 56921 | Shoals:4 | Entered Level 4 of the Shoals
 57108 | Shoals:4 | Reached skill level 10 in Invocations
 57483 | Shoals:4 | Got a vibrating jade amulet
 57484 | Shoals:4 | Identified the amulet of Freedom {RegenMP rC+ Int+5} (You
                  | found it on level 4 of the Shoals)
 57915 | Shoals:4 | Identified the +4 shortbow "Pysine" {flame, rF+ Dex+2
                  | Stlth-}
 57980 | Shoals:4 | Found a runed translucent gate.
 57980 | Shoals:4 | Found a runed translucent gate.
 57980 | Shoals:4 | Found a runed translucent gate.
 57984 | Shoals:4 | Found an opulent altar of Gozag.
 58022 | Shoals:4 | Found Zobemisk's Assorted Antiques.
 58022 | Shoals:4 | Noticed unrecovered's ghost (adept BaFi)
 58519 | Shoals:4 | Received a gift from Okawaru
 59328 | Shoals:4 | Got a steaming bone ring
 59329 | Shoals:4 | Identified the ring of Plog {Ice Str+3 Dex-3 SInv Stlth+}
                  | (You found it on level 4 of the Shoals)
 59443 | Shoals:4 | Got a barnacled rune of Zot
 59916 | Shoals:4 | Killed unrecovered's ghost
 59984 | Shoals:4 | Bought a scroll of blinking for 255 gold pieces
 59984 | Shoals:4 | Bought a potion of resistance for 340 gold pieces
 59984 | Shoals:4 | Bought a potion of curing for 102 gold pieces
 60388 | Orc:2    | Bought pitted shadow dragon scales for 2210 gold pieces
 60388 | Orc:2    | Identified the +1 shadow dragon scales of Hide-and-Seek
                  | {rPois rC+ rCorr Int-4 Stlth++++} (You bought it in a shop
                  | on level 2 of the Orcish Mines)
 60711 | Vaults:3 | Noticed Mennas
 60735 | Vaults:3 | Killed Mennas
 61975 | Vaults:3 | Noticed a lich
 61987 | Vaults:3 | Killed a lich
 61987 | Vaults:3 | Received a gift from Okawaru
 62238 | Vaults:3 | Got a crude executioner's axe {god gift}
 62239 | Vaults:3 | Identified the +1 executioner's axe of Qareef {elec, rElec
                  | rC+ Int+3} (Okawaru gifted it to you on level 3 of the
                  | Vaults)
 62255 | Vaults:3 | Reached XP level 20. HP: 195/195 MP: 27/27
 62330 | Vaults:3 | Found Xarphuahi's Weapon Emporium.
 64482 | Vaults:4 | Received a gift from Okawaru
 65355 | Vaults:4 | Identified the +8 arbalest of Royalism {penet, +Fly rF+
                  | Str+2 Dex-3}
 66611 | Vaults:5 | Entered Level 5 of the Vaults
 67399 | Elf:1    | Entered Level 1 of the Elven Halls
 67602 | Elf:1    | Received a gift from Okawaru
 67832 | Elf:1    | Identified the Collected Works on Companions
 68091 | Elf:1    | Found a runed translucent gate.
 68091 | Elf:1    | Found a runed translucent gate.
 68091 | Elf:1    | Found a runed translucent gate.
 68091 | Elf:1    | Noticed Ciseq's ghost (journeyman BaBe)
 68644 | Elf:1    | Killed Ciseq's ghost
 68644 | Elf:1    | Reached XP level 21. HP: 185/206 MP: 30/30
 69041 | Elf:2    | Found Pogoa's Antique Armour Shop.
 69514 | Elf:2    | Bought a brightly glowing chain mail for 342 gold pieces
 69514 | Elf:2    | Identified the +2 chain mail "Qegous" {rC+ MR+ Int-3} (You
                  | bought it in a shop on level 2 of the Elven Halls)
 69926 | Elf:2    | Found a runed translucent gate.
 69926 | Elf:2    | Found a runed translucent gate.
 69926 | Elf:2    | Found a runed translucent gate.
 70801 | Elf:3    | Entered Level 3 of the Elven Halls
 70853 | Elf:3    | Received a gift from Okawaru
 70915 | Elf:3    | Got a pitted zirconium amulet
 70916 | Elf:3    | Identified the amulet of Wari {Reflect rElec rPois rN++ MR-
                  | SH+3} (You acquired it on level 3 of the Elven Halls)
 71425 | Elf:3    | Found Boqyax's Magic Scroll Boutique.
 71429 | Elf:3    | Bought a scroll of identify for 36 gold pieces
 71429 | Elf:3    | Bought a scroll of brand weapon for 360 gold pieces
 71429 | Elf:3    | Bought a scroll of teleportation for 54 gold pieces
 71429 | Elf:3    | Bought a scroll of identify for 36 gold pieces
 71429 | Elf:3    | Bought a scroll of teleportation for 54 gold pieces
 71880 | Elf:3    | Reached skill level 24 in Axes
 71882 | Elf:3    | Identified the cursed -1 shield "Egaizxip" {rN+ Int+2
                  | Dex+5}
 72280 | Elf:3    | Identified the +6 plate armour "Raojuaq" {*Contam rElec rC+
                  | rN++}
 72866 | Elf:3    | Identified Qoicziax's Grimoire of Stones and Feathers
 72955 | Elf:3    | Identified the +2 leather armour of the Bull {Dex+3}
 73220 | Elf:3    | Identified the +2 plate armour "Mipouciz" {SInv} (You found
                  | it on level 3 of the Elven Halls)
 73223 | Elf:3    | Identified the Catalogue of the Birds
 73225 | Elf:3    | Identified Sanigga's Volume of Creative Shape Shifting
 73714 | Crypt:1  | Entered Level 1 of the Crypt
 74026 | Crypt:1  | Reached XP level 22. HP: 217/217 MP: 31/31
 74381 | Crypt:1  | Received a gift from Okawaru
 74416 | Crypt:1  | You fall into a shaft and drop 1 floor!
 75325 | Crypt:2  | Noticed Boris
 75327 | Crypt:2  | Identified the +5 plate armour of Sazem {-Cast rElec rCorr
                  | Int+3 SInv} (You found it on level 2 of the Crypt)
 75488 | Crypt:2  | Killed Boris
 75614 | Crypt:1  | Received a gift from Okawaru
 76570 | Crypt:2  | Got a glittering jade amulet
 76571 | Crypt:2  | Identified the amulet "Jodolumm" {+Rage rC+ Str+4} (You
                  | acquired it on level 2 of the Crypt)
 76884 | Crypt:2  | Reached skill level 25 in Axes
 76998 | Crypt:3  | Entered Level 3 of the Crypt
 77133 | Crypt:2  | Received a gift from Okawaru
 77950 | Crypt:3  | Found a staircase to the Tomb.
 78321 | Crypt:3  | Identified the +0 pair of gloves "Jualua" {rF+} (You found
                  | it on level 3 of the Crypt)
 78697 | Crypt:3  | Found a basalt altar of Yredelemnul.
 78697 | Crypt:3  | Noticed an ancient lich
 78714 | Crypt:3  | Killed an ancient lich
 78756 | Crypt:3  | Reached XP level 23. HP: 174/229 MP: 32/32
 79575 | Vaults:5 | Gained mutation: You occasionally shout uncontrollably at
                  | your foes. [a shining eye]
 80445 | Vaults:4 | Received a gift from Okawaru
 80448 | Vaults:4 | Got a twisted battleaxe {god gift}
 80502 | Vaults:4 | Identified the +2 battleaxe of Temperance {protect, rF+}
                  | (Okawaru gifted it to you on level 4 of the Vaults)
 80672 | Vaults:4 | Gained mutation: You are frail. (-10% HP) [a shining eye]
 80870 | Vaults:4 | Reached skill level 26 in Axes
 81433 | Vaults:4 | Received a gift from Okawaru
 81436 | Vaults:4 | Got a scorched executioner's axe {god gift}
 81439 | Vaults:4 | Identified the +8 executioner's axe "Amafeapt" {chop, +Fly
                  | rF- Int+2 Stlth+} (Okawaru gifted it to you on level 4 of
                  | the Vaults)
 81533 | Vaults:5 | Identified the ring of Vuocar {rPois rN+ Dex+4}
 81685 | Vaults:5 | Noticed Mara
 81743 | Vaults:5 | Shot with a bolt by a yaktaur captain

Levels and vault maps discovered:
D:1:      onia_arrival_larder, layout_basic, minmay_tromino_i4
D:2:      minmay_chambers_of_twos, layout_loops_ring, first_ration,
          serial_bayou_ford_a, minmay_cupped
D:3:      layout_loops_ring, grunt_temple_overflow_diamond,
          minmay_misc_feat_roman
D:4:      layout_basic, tgw_sif, minmay_temple_entry_tees, serial_shops,
          kennysheep_little_box, uniq_natasha
D:5:      layout_rooms, minmay_chambers_of_fives
D:6:      layout_loops_ring
D:7:      layout_basic, basic_altar
D:8:      layout_cave_pods, overflow_temple_1_default, lair_entry_dummy,
          david_nohive_1, zaba_anthell
D:9:      wad_lake_hut, layout_irregular_city, lemuel_round_altar, orc_david_3,
          serial_shops, shop, st_stairs_11, uniq_grum
D:10:     layout_loops_cross, serial_undead, serial_undead_e, serial_undead_e,
          serial_undead_d, serial_undead_d
D:11:     layout_irregular_city, serial_ice, serial_ice_l, serial_ice_n,
          serial_ice_e, serial_ice_f, gauntlet_entry_generic,
          nicolae_trove_entry_crystal
D:12:     layout_rooms
D:13:     layout_roguey, kennysheep_treasure_room
D:14:     layout_irregular_city, david_vaults_1, serial_shops, shop,
          chequers_serial_rivers_large_a, bh_circular_ruins, uniq_kirke
D:15:     hangedman_depths_entry_try_elsewhere_first, layout_long_grid
Temple:   eino_temple_rhombus
Lair:1:   layout_cave_pods
Lair:2:   lemuel_ratsnest, layout_small_grid, portal_ice_cave_entry_imps,
          minmay_lindwurm_lava
Lair:3:   layout_roguey, elwin_shoals_entry_stream,
          spider_nest_entry_funnel_web, grunt_forest_small_clearings,
          infiniplex_staircase_pool, grunt_megastairs_5, uniq_fannar, uniq_urug
Lair:4:   layout_roguey, lemuel_fruit_tree, minmay_lair_oklob_chamber
Lair:5:   layout_cave_pods, minmay_lair_oklob_items, bobbens_dragon_lair_wall
Lair:6:   hangedman_lair_tendril_chambers, layout_regular_city,
          dpeg_slime_entry_enclosed_altar, infiniplex_staircase_pool_2
Shoals:1: layout_shoals, regret_index_shoals_crete
Shoals:2: layout_shoals, nicolae_shoals_square_sea_wall, uniq_jorgrun
Shoals:3: layout_shoals, serial_shops, shop_statue
Shoals:4: shoals_end_grunt_ice, layout_shoals, ebering_ghost_gozag,
          kb_tengu_band
Spider:1: layout_spider_delve, guppyfry_hornet_nest, uniq_asterion
Spider:2: layout_spider_delve
Spider:3: layout_spider_delve, guppyfry_spider_mini_1
Spider:4: spider_rune_water, uniq_donald, uniq_aizul, uniq_bai_suzhen
Orc:1:    layout_caves
Orc:2:    st_orc_town, layout_caves, gammafunk_ghost_berserking_beasts,
          nicolae_orc_sculptors_studio
Elf:1:    layout_loops_corners, ebering_ghost_rock_garden,
          minmay_elf_demonology, drop_trap
Elf:2:    layout_loops_ring, serial_shops, shop
Elf:3:    elf_hall_gauntlet_wide, layout_geoelf_octagon, serial_shops,
          shop_scrolls
Vaults:1: ontoclasm_vaults_bender, hangedman_vaults_corner_blocks,
          hangedman_vaults_corner_blocks, grunt_vaults_funnel,
          vaults_room_door_ring, grunt_vaults_focal, st_star,
          hangedman_vaults_trim, vaults_room_stairs_pillars, vaults_room_grid,
          layout_vaults_big_room, uniq_nikola, uniq_saint_roka
Vaults:2: v_pattern_1, hangedman_vaults_slither, nicolae_vaults_theta,
          vaults_mumra_chevron, minmay_crypt_entry_necro_gods,
          vaults_dpeg_cross, vaults_room_ringed_pool, st_check,
          nicolae_vaults_little_squares_4, ontoclasm_vaults_chip,
          hangedman_vaults_corner_blocks, v_misc_13, vaults_dpeg_spiral,
          layout_vaults_maze
Vaults:3: vaults_dpeg_ring, ontoclasm_vaults_hangar, v_misc_25, v_misc_1,
          nicolae_vaults_theta, v_misc_12, nicolae_vaults_little_squares_3,
          nicolae_vaults_little_squares_4, vaults_room_corners,
          grunt_vaults_hallway_short, nicolae_vaults_windows_and_doors_thing,
          vaults_room_door_hall, vaults_mumra_lcd, v_misc_32,
          vaults_room_large_hall, vaults_room_fancy_cross, v_alt_pattern_1,
          layout_vaults_omnibox, serial_shops, nicolae_shop_crystal, uniq_mennas
Vaults:4: nicolae_vaults_stairing_the_circle, nicolae_vaults_yaktaur_gun_rack,
          hangedman_vaults_locks, ontoclasm_vaults_loading_screen,
          hangedman_vaults_capsules, st_lattice,
          ontoclasm_vaults_decontamination, nicolae_vaults_network_quinsquares
          [nicolae_vaults_network_quincunx_subvault,
          nicolae_vaults_network_quincunx_subvault,
          nicolae_vaults_network_quincunx_subvault,
          nicolae_vaults_network_quincunx_subvault], ontoclasm_vaults_pinch,
          ontoclasm_vaults_chip, layout_vaults_omnigrid
Vaults:5: uniq_mara
Crypt:1:  layout_chaotic_city
Crypt:2:  layout_regular_city, st_stairs_2, minmay_misc_feat_columns, uniq_boris
Crypt:3:  cryptofortress_bobbens

Skill      XL: |  1  2  3  4  5  6  7  8  9 10 11 12 13 14 15 16 17 18 19 20 21 22 23 |
---------------+----------------------------------------------------------------------+-----
Axes           | 4 5 6 7 8 9 11 12 13 14 16 17 19 20 21 22 23 24 25 26 | 26.0
Fighting       | 4 5 6 7 8 10 12 13 14 15 16 17 18 19 20 21 22 23 24 | 24.8
Armour         | 3 5 6 8 9 11 12 13 14 15 16 18 19 20 | 20.5
Dodging        | 4 5 7 8 9 10 11 13 14 15 16 17 18 | 18.2
Invocations    | 2 5 6 7 9 11 13 | 13.9
Stealth        | |  1.5

Action                   |  1- 3 |  4- 6 |  7- 9 | 10-12 | 13-15 | 16-18 | 19-21 | 22-24 || total
-------------------------+-------+-------+-------+-------+-------+-------+-------+-------++-------
Melee: Hand axe          |    71 |   217 |   222 |       |       |       |       |       ||   510
       Headbutt          |     6 |    35 |    74 |   125 |   189 |   288 |   294 |   217 ||  1228
       Unarmed           |       |     4 |       |       |       |       |       |       ||     4
       Battleaxe         |       |       |   120 |   494 |       |       |       |       ||   614
       Executioner's axe |       |       |       |   106 |  1002 |  1306 |  1387 |   796 ||  4597
Throw: Javelin           |       |       |       |     5 |     2 |    44 |    11 |     2 ||    64
Invok: Heroism           |       |       |       |    10 |    13 |    12 |     9 |     6 ||    50
       Finesse           |       |       |       |       |     4 |     1 |     6 |     6 ||    17
 Abil: Evoke Flight      |       |       |       |     1 |     4 |     4 |     3 |     1 ||    13
Evoke: Wand              |       |       |       |       |    17 |     4 |     1 |       ||    22
  Use: Potion            |       |     2 |    10 |     7 |     5 |     7 |     2 |     9 ||    42
       Scroll            |       |       |     8 |    12 |    10 |    22 |    17 |    14 ||    83
 Stab: Sleeping          |     6 |     5 |       |       |       |     1 |    18 |     6 ||    36
       Distracted        |       |       |       |       |     1 |     2 |     1 |     2 ||     6
       Held in net/web   |       |       |       |       |       |     2 |       |       ||     2
  Eat: Chunk             |     1 |    14 |    17 |    28 |    40 |    30 |    32 |     4 ||   166
       Ration            |       |       |     1 |     3 |     3 |     8 |     9 |     5 ||    29
Armor: Robe              |    15 |    17 |       |       |       |       |       |       ||    32
       Ring mail         |       |    39 |    18 |       |       |       |       |       ||    57
       Scale mail        |       |       |    56 |    83 |   295 |   432 |       |       ||   866
       Plate armour      |       |       |       |   134 |   174 |   198 |   238 |       ||   744
       Shadow dragon sca |       |       |       |       |       |       |   317 |   359 ||   676
       Chain mail        |       |       |       |       |       |       |    62 |       ||    62
Dodge: Dodged            |    54 |   121 |   188 |   377 |   796 |  1444 |   981 |   590 ||  4551
Block: Other             |       |       |       |       |       |       |     9 |    86 ||    95
       Reflection        |       |       |       |       |       |       |       |     6 ||     6
